 Dungeon Crawl Stone Soup version 0.20-a0-733-gf92fd71 (webtiles) character file.

125 uglyjohn the Insei (level 5, 0/27 HPs)
             Began as a Vine Stalker Monk on Feb 22, 2017.
             Slain by an orc wizard
             ... wielding a +0 dagger
              (1 damage)
             ... on level 3 of the Dungeon.
             The game lasted 00:04:00 (2158 turns).

uglyjohn the Insei (Vine Stalker Monk)              Turns: 2158, Time: 00:04:01

Health: 0/27       AC:  2    Str: 14    XL:     5   Next: 9%
Magic:  0/6        EV: 13    Int: 10    God:
Gold:   146        SH:  0    Dex: 17    Spells: 4/4 levels left

rFire    . . .     SeeInvis .     - Unarmed
rCold    . . .     Gourm    +   a - +0 robe
rNeg     . . .     Faith    .   (no shield)
rPois    .         Spirit   +   (no helmet)
rElec    .         Reflect  .   (no cloak)
rCorr    .         Harm     .   (no gloves)
MR       .....                  (no boots)
Stlth    ++........             f - amulet of the gourmand
Regen    0.5/turn               (no ring)
MPRegen  0.1/turn               (no ring)

@: no status effects
A: fangs 2, regeneration 1, magic shield, antimagic bite, no potion heal 3, rot
immunity
a: no special abilities


You were on level 3 of the Dungeon.
You were very full.

You visited 1 branch of the dungeon, and saw 3 of its levels.

You collected 146 gold pieces.

Inventory:

Armour
 a - a +0 robe (worn)
Jewellery
 f - an amulet of the gourmand (around neck)
Scrolls
 c - a scroll of recharging
 g - a scroll of teleportation
 j - a scroll of amnesia {unknown}
 k - a scroll of immolation {unknown}
Potions
 d - a potion of curing {unknown}
 e - a potion of magic {unknown}
 h - a potion of haste {unknown}
 l - a potion of resistance {unknown}
Comestibles
 b - 3 bread rations
 i - 4 fruits


   Skills:
 - Level 2.6 Fighting
 - Level 2.4 Dodging
 - Level 2.4 Stealth
 + Level 5.6 Unarmed Combat


You had 4 spell levels left.
You didn't know any spells.

Dungeon Overview and Level Annotations

Branches:
Dungeon (3/15)

Altars:
Vehumet
Xom


Innate Abilities, Weirdness & Mutations

You have extremely sharp teeth.
Your natural rate of healing is unusually fast.
When hurt, damage is shared between your health and your magic reserves.
Your bite disrupts and absorbs the magic of your enemies.
Potions cannot restore your health.
You are immune to rotting.


Message History

The orc wizard gestures at you while chanting.
The magic dart hits you! The orc wizard hits you with a dagger.
You hit the orc wizard but do no damage.
The orc wizard is heavily wounded.
The orc wizard gestures at you while chanting.
The magic dart hits you! The orc wizard barely misses you.
The orc wizard hits you with a dagger.
* * * LOW HITPOINT WARNING * * *
You are too injured to fight recklessly!
You are too injured to fight recklessly!
You are too injured to fight recklessly!
You are too injured to fight recklessly!
You are too injured to fight recklessly!
You hit the orc wizard. Your bite misses the orc wizard.
The orc wizard is almost dead.
The orc wizard casts a spell at you. The puff of frost hits you!
* * * LOW HITPOINT WARNING * * *
The orc wizard barely misses you. The orc wizard hits you with a dagger.
You die...

#....######## #######
#..........#
###...(......#........
#............#..[..)..
#(...........#........
##...........#........
+............+........
#######...)###........
#....@o#........
#.####o#.......... #.#
#††.......o .. # #.#
###.?...... .# # #.#
####...## . # ..# ...#
#. ### ..# ##.# #. .#
#... #...# #...


You could see 2 orc wizards.

Vanquished Creatures
  Jessica (D:3)
  5 adders
  3 dart slugs
  2 leopard geckos (D:1)
  An orc (D:3)
  A giant cockroach (D:2)
  3 goblins
  7 hobgoblins
  A ball python (D:2)
  6 bats
  6 frilled lizards
  7 kobolds
  5 rats
48 creatures vanquished.

Notes
Turn   | Place    | Note
-------+----------+-------------------------------------------
     0 | D:1      | uglyjohn the Vine Stalker Monk began the quest for the Orb.
     0 | D:1      | Reached XP level 1. HP: 11/11 MP: 2/2
   147 | D:1      | Reached XP level 2. HP: 15/16 MP: 3/3
   511 | D:1      | Reached skill level 4 in Unarmed Combat
   559 | D:1      | Reached XP level 3. HP: 19/19 MP: 4/4
  1379 | D:2      | Gained mutation: Your natural rate of healing is unusually fast. [Vine Stalker growth]
  1379 | D:2      | Reached XP level 4. HP: 14/23 MP: 2/5
  1490 | D:2      | Reached skill level 5 in Unarmed Combat
  1926 | D:3      | Found a shimmering altar of Xom.
  1926 | D:3      | Found a radiant altar of Vehumet.
  2130 | D:3      | Noticed Jessica
  2153 | D:3      | Killed Jessica
  2153 | D:3      | Reached XP level 5. HP: 23/27 MP: 3/6
  2158 | D:3      | HP: 1/27 [orc wizard/puff of frost (7)]
  2158 | D:3      | Slain by an orc wizard

Vault maps used:
D:1:      doesnt_arrival_goblin_jail
D:2:      minmay_misc_feat_five
D:3:      gammafunk_temple_overflow_elements, guppyfry_early_orc_mine,
          uniq_sigmund, uniq_jessica, uniq_crazy_yiuf_cottage

Skill      XL: |  1  2  3  4 |
---------------+-------------+-----
Unarmed Combat | 4 5 |  5.6
Fighting       | |  2.6
Dodging        | |  2.4
Stealth        | |  2.4

Action                   |  1- 3 |  4- 6 || total
-------------------------+-------+-------++-------
Melee: Unarmed           |    85 |    65 ||   150
       Bite              |    20 |    17 ||    37
       Punch             |     1 |     3 ||     4
  Use: Scroll            |     3 |       ||     3
 Stab: Sleeping          |     5 |     1 ||     6
  Eat: Chunk             |    11 |     4 ||    15
Armor: Robe              |     9 |     8 ||    17
Dodge: Dodged            |    58 |    44 ||   102
